 Dungeon Crawl Stone Soup version 0.31.0-32-g396128a36d (webtiles) character file.

Game seed: 7451909484887246556

312 hawla the Firebug (level 6, 0/32 HPs)
             Began as a Deep Elf Fire Elementalist on Apr 15, 2024.
             Slain by a mummy (5 damage)
             ... in an ossuary.
             The game lasted 00:06:18 (4000 turns).

hawla the Firebug (Deep Elf Fire Elementalist)      Turns: 4000, Time: 00:06:18

Health: 0/32       AC:  2    Str:  5    XL:     6   Next: 18%
Magic:  1/13       EV: 12    Int: 22    God:
Gold:   191        SH:  0    Dex: 15    Spells: 5/12 levels left

rFire   . . .        (no weapon)
rCold   . . .        (no shield)
rNeg    . . .        a - +0 robe
rPois   .            (helmet restricted)
rElec   .            (no cloak)
rCorr   .            (no gloves)
SInv    .            (no boots)
Will    +....        (no amulet)
Stlth   ++           (no ring)
HPRegen 0.25/turn    (no ring)
MPRegen 0.13/turn

%: no passive effects
@: marked, attractive, enlightened, flying, invisible
A: antennae 1
a: no special abilities


You were in an ossuary.
You visited 1 branch of the dungeon, and saw 5 of its levels.
You also visited: Ossuary.

You collected 191 gold pieces.

Inventory:

Armour
 a - a +0 robe (worn)
 h - a +0 helmet
Jewellery
 e - an amulet of guardian spirit
 f - a +4 ring of protection
Talismans
 i - a maw talisman
Wands
 b - a wand of digging (5)


   Skills:
 - Level 2.4 Dodging
 - Level 2.4 Stealth
 + Level 3.6 Spellcasting
 * Level 2.6 Conjurations
 * Level 6.1 Fire Magic
 + Level 2.7 Shapeshifting


You had 5 spell levels left.
You knew the following spells:

 Your Spells              Type           Power      Damage    Failure   Level
a - Foxfire               Conj/Fire      92%        2x1d8     1%          1
b - Scorch                Fire           62%        2d7       1%          2
c - Flame Wave            Conj/Fire      23%        2d8       19%         4

Your spell library contained the following spells:

 Spells                   Type           Power      Damage    Failure   Level
 Inner Flame              Hex/Fire       17%        N/A       10%         3
 Volatile Blastmotes      Fire/Tloc      34%        2d12      10%         3
 Sublimation of Blood     Necr           4%         N/A       19%         2
 Petrify                  Alch/Erth      4%         N/A       75%         4
 Irradiate                Conj/Alch      4%         3d13      88%         5


Dungeon Overview and Level Annotations

Branches:
Dungeon (7/15)            Ossuary (1/1)
 Temple: D:4-7

Altars:
Fedhas
Yredelemnul


Innate Abilities, Weirdness & Mutations

You have a pair of small antennae on your head.


Message History

The kobold zombie is no longer moving quickly.
The foxfire hits the mummy.
The mummy is burned terribly!
The mummy is moderately damaged.
The foxfire hits the mummy.
The mummy is burned terribly!
The mummy is heavily damaged.
The mummy misses you.
It was a potion of invisibility.
You fade into invisibility!
The mummy no longer looks unusually strong.
The mummy is no longer moving quickly.
The mummy hits you.
* * * LOW HITPOINT WARNING * * *
The mummy is attracted toward you. The orc zombie is attracted toward you.
The burial acolyte barely misses you.
You see here a cyan potion.
It was a potion of mutation.
You feel extremely strange. A pair of antennae grows on your head!
Your +0 helmet falls away!
The mummy closely misses you. The burial acolyte closely misses you.
The kobold zombie is attracted toward you.
The mummy is attracted toward you. The orc zombie is attracted toward you.
You hit the kobold zombie.
The kobold zombie is lightly damaged.
The kobold zombie hits you but does no damage.
The burial acolyte recites a funeral chant.
The mummy is empowered.
The kobold zombie is empowered.
The mummy is empowered.
The human zombie is attracted toward you.
Unknown command.
You catch the helpless kobold zombie completely off-guard!
You hit the kobold zombie.
The kobold zombie is moderately damaged.
The mummy barely misses you. The kobold zombie closely misses you.
The burial acolyte misses you.
The human zombie is attracted toward you.
Unknown command.
You aren't carrying any scrolls.
You hit the kobold zombie.
The kobold zombie is moderately damaged.
The burial acolyte completely misses you.
The mummy hits you.
You die...

+.........'...#
+....⌠....§.#.# #
+.........'...#.#
#.......###..#.#
##.....## ##''.#
##+#'## #§###
#...# ##Z## ##.##


#pMZ# #.∩.# #@ZM# #.∩.# ##### ##### You could see 2 mummies, a burial acolyte
(unable to see you), a kobold zombie (strong, swift, unable to see you), an orc
zombie (unable to see you) and a human zombie (unable to see you).

Vanquished Creatures
  A jelly (D:7)
  2 orc priests (D:3)
  A sleepcap (D:7)
  An orc wizard (D:3)
  A mummy (Ossuary)
  5 gnolls
  3 adders (D:2)
  A shadow imp (D:7)
  2 ribbon worms (D:2)
  4 dart slugs
  3 orcs (D:3)
  3 endoplasms
  3 giant cockroaches
  A gnoll zombie (Ossuary)
  4 goblins
  5 hobgoblins
  4 jackals (D:3)
  2 quokkas
  4 ball pythons
  9 bats
  2 frilled lizards
  5 kobolds
  5 rats
71 creatures vanquished.

Vanquished Creatures (others)
  169 foxfires
169 creatures vanquished.

Grand Total: 240 creatures vanquished

Notes
Turn   | Place    | Note
-------+----------+-------------------------------------------
     0 | D:1      | hawla the Deep Elf Fire Elementalist began the quest for
                  | the Orb.
     0 | D:1      | Reached XP level 1. HP: 10/10 MP: 6/6
   279 | D:1      | Reached XP level 2. HP: 15/15 MP: 5/8
   328 | D:1      | Reached skill level 4 in Fire Magic
   568 | D:1      | Reached XP level 3. HP: 17/19 MP: 4/9
  1012 | D:2      | Learned a level 2 spell: Scorch
  1302 | D:2      | Reached skill level 5 in Fire Magic
  1460 | D:2      | Reached skill level 1 in Shapeshifting
  1675 | D:2      | Reached XP level 4. HP: 24/24 MP: 5/10
  1895 | D:2      | Found a faded altar of an unknown god.
  3087 | D:3      | Reached XP level 5. HP: 28/28 MP: 8/11
  3132 | D:3      | Learned a level 4 spell: Flame Wave
  3262 | D:3      | Found a blossoming altar of Fedhas.
  3308 | D:3      | Found a basalt altar of Yredelemnul.
  3818 | D:4      | You fall into a shaft and drop 3 floors!
  3838 | D:7      | Reached skill level 6 in Fire Magic
  3838 | D:7      | Reached XP level 6. HP: 32/32 MP: 8/13
  3880 | D:7      | Found a sand-covered staircase.
  3894 | Ossuary  | Entered an ossuary
  3997 | Ossuary  | Gained mutation: You have a pair of small antennae on your
                  | head. [potion of mutation]
  4000 | Ossuary  | Slain by a mummy

Illustrated notes

Levels and vault maps discovered:
D:1:      psy_arrival_radial02, layout_basic
D:2:      layout_basic, ebering_ecumenical_altar_rust
D:3:      layout_loops_ring, lemuel_coloured_pillars_altar,
          mainiacjoe_overflow_surrounded_room, ebering_dispersal_statue_hall
D:4:      layout_basic, ashenzari_conservatory_becter, old_standard_altar
D:7:      layout_basic, nicolae_ossuary_entry_monument,
          kennysheep_generic_room_4
Ossuary:  ossuary_crypta

Skill      XL: |  1  2  3  4  5 |
---------------+----------------+-----
Fire Magic     | 4 5 6 |  6.1
Shapeshifting  | 1 2 |  2.7
Conjurations   | 2 |  2.6
Dodging        | |  2.4
Stealth        | |  2.4
Spellcasting   | |  3.6

Action                     |  1- 3 |  4- 6 || total
---------------------------+-------+-------++-------
  Melee: Unarmed           |     6 |     9 ||    15
   Cast: Foxfire           |    54 |    42 ||    96
         Scorch            |    10 |    33 ||    43
    Use: Scroll            |       |     3 ||     3
         Potion            |       |     6 ||     6
   Stab: Invisible         |       |     1 ||     1
 Armour: Robe              |     9 |    28 ||    37
  Dodge: Dodged            |     8 |    34 ||    42
